 Dungeon Crawl Stone Soup version 0.16.1-28-gcc2312f (webtiles) character file.

512 DevDT the Insei (level 6, -5/48 HPs)
             Began as a Demonspawn Transmuter on May 31, 2015.
             Was a Follower of Makhleb.
             Slain by DevDT's ghost (7 damage)
             ... on level 5 of the Dungeon.
             The game lasted 00:13:28 (5201 turns).

DevDT the Insei (Demonspawn Transmuter)             Turns: 5201, Time: 00:13:28

Health: -5/48      AC:  4    Str: 10    XL:     6   Next: 99%
Magic:  10/10      EV: 17    Int: 16    God:    Makhleb [*.....]
Gold:   195        SH:  0    Dex: 14    Spells: 1 memorised, 8 levels left

rFire  . . .     SeeInvis .       - Unarmed
rCold  . . .     Clarity  .     c - +0 robe
rNeg   . . .     SustAb   .     (no shield)
rPois  .         Gourm    .     (no helmet)
rElec  .         Spirit   .     l - +1 cloak
rCorr  .         Warding  .     (no gloves)
rMut   .         Stasis   .     (boots unavailable)
MR     .....                    (no amulet)
Stlth  +.........               (no ring)
                                (no ring)

@: appendage, hasted, very quick, not resistant to hostile enchantments, very
unstealthy
A: claws 2, talons 3, repulsion field 2
a: End Transformation, Renounce Religion


You were on level 5 of the Dungeon.
You worshipped Makhleb.
Makhleb was aware of your devotion.
You were not hungry.
You had grown temporary talons.
You visited 2 branches of the dungeon, and saw 6 of its levels.
You also visited: Sewer.

You collected 195 gold pieces.

Inventory:

Missiles
 b - 47 arrows
 B - 6 needles of sleeping
Armour
 c - a +0 robe (worn)
 l - a +1 cloak (worn)
Jewellery
 p - an uncursed ring of ice
Magical devices
 C - a wand of fire (8)
Scrolls
 f - 2 scrolls of noise {unknown}
 g - a scroll of recharging {unknown}
 i - a scroll of fog {unknown}
 j - 5 scrolls of identify
 m - a scroll of enchant armour {unknown}
 s - a scroll of magic mapping {unknown}
 t - 2 scrolls of random uselessness {unknown}
 w - 5 scrolls of teleportation {unknown}
 y - a scroll of amnesia {unknown}
Potions
 e - 2 potions of haste
 h - 3 potions of resistance {unknown}
 k - a potion of brilliance {unknown}
 n - a potion of restore abilities {unknown}
 o - 2 potions of might
 r - 2 potions of curing {unknown}
 u - 3 potions of flight
 v - a potion of invisibility {unknown}
 z - a potion of mutation {unknown}
 A - a potion of magic {unknown}
Books
 d - a book of Changes

   Spells                             Type                      Level
   a - Beastly Appendage              Transmutation                1
   b - Sticks to Snakes               Transmutation                2
   c - Spider Form                    Transmutation/Poison         3
   d - Ice Form                       Ice/Transmutation            4
   e - Blade Hands                    Transmutation                5
Comestibles
 a - 5 bread rations
 q - 2 meat rations
 x - 3 chunks of flesh


   Skills:
 + Level 3.9 Fighting
 + Level 4.1 Dodging
 - Level 5.0 Unarmed Combat
 - Level 2.0 Spellcasting
 - Level 1.7 Transmutations


You had 8 spell levels left.
You knew the following spells:

 Your Spells              Type           Power        Failure   Level  Hunger
a - Beastly Appendage     Trmt           #.....       12%         1    #......


Dungeon Overview and Level Annotations

Branches:
Dungeon (5/15)             Temple (1/1) D:4

Altars:
Ashenzari
Dithmenos
Elyvilon
Fedhas
Gozag
Kikubaaqudgha
Makhleb
Okawaru
Qazlal
Ru
Yredelemnul
Zin
The Shining One

Annotations:
D:2 Ijyb
D:5 DevDT's ghost, average OgAK


Innate Abilities, Weirdness & Mutations

You have very sharp fingernails.
You are surrounded by a moderate repulsion field (EV +3).
You have claws for feet.


Message History

DevDT's ghost completely misses you.
You scratch DevDT's ghost.
DevDT's ghost is heavily damaged.
DevDT's ghost barely misses you.
You barely miss DevDT's ghost.
DevDT's ghost is heavily damaged.
DevDT's ghost hits you.
You closely miss DevDT's ghost. Your kick misses DevDT's ghost.
DevDT's ghost is heavily damaged.
DevDT's ghost hits you!
You claw DevDT's ghost! You claw DevDT's ghost.
DevDT's ghost is severely damaged.
DevDT's ghost hits you!
You scratch DevDT's ghost.
DevDT's ghost is severely damaged.
DevDT's ghost hits you!
* * * LOW HITPOINT WARNING * * *
Drink which item? (? for menu, Esc to quit)
You feel yourself speed up. DevDT's ghost hits you!
You die...

#.# # #.# .# #. #.#
.#
#####.###.####.###
#..................
####..#.#..........
# #.#..........
#<#)..........
#.#..@.....#.
#.#(..W....#
#.#........#
..#........#
###........#
#.........
#####.#.# .#.


You could see DevDT's ghost.

Vanquished Creatures
  Sigmund (D:3)
  A crimson imp (D:5)
  An iguana (D:4)
  3 worker ants (D:4)
  2 orc wizards (D:3)
  A hound skeleton (D:4)
  Robin (D:3)
  6 adders
  2 giant mites
  7 worms
  3 giant geckos
  6 oozes
  6 orcs
  8 giant cockroaches
  9 hobgoblins
  15 jackals
  3 kobolds
  A quokka (D:4)
  A ball python (Sewer)
  12 bats
  8 giant newts
  17 goblins
  A jackal skeleton (D:4)
  7 rats
122 creatures vanquished.

Notes
Turn   | Place    | Note
--------------------------------------------------------------
     0 | D:1      | DevDT, the Demonspawn Transmuter, began the quest for the Orb.
     0 | D:1      | Reached XP level 1. HP: 15/15 MP: 3/3
   119 | D:1      | Reached skill level 3 in Unarmed Combat
   163 | D:1      | Gained mutation: You have sharp fingernails. [demonic ancestry]
   163 | D:1      | Reached XP level 2. HP: 2/21 MP: 2/4
  1587 | D:2      | Gained mutation: You have very sharp fingernails. [demonic ancestry]
  1587 | D:2      | Reached XP level 3. HP: 13/26 MP: 4/6
  2019 | D:2      | Reached skill level 4 in Unarmed Combat
  2247 | D:2      | Reached XP level 4. HP: 26/33 MP: 5/7
  2463 | D:2      | Noticed Ijyb
  2502 | D:3      | Noticed Sigmund
  2521 | D:3      | Killed Sigmund
  2521 | D:3      | Gained mutation: You are surrounded by a mild repulsion field (EV +2). [demonic ancestry]
  2521 | D:3      | Reached XP level 5. HP: 24/38 MP: 7/9
  2780 | D:3      | Found a glowing drain.
  2787 | Sewer    | Entered a sewer
  2803 | Sewer    | Reached skill level 5 in Unarmed Combat
  3720 | D:3      | Noticed Robin
  3746 | D:3      | Killed Robin
  3978 | D:3      | Gained mutation: You are surrounded by a moderate repulsion field (EV +3). [demonic ancestry]
  3978 | D:3      | Reached XP level 6. HP: 22/47 MP: 8/10
  4431 | D:4      | Noticed a rust devil
  4460 | D:4      | Found a staircase to the Ecumenical Temple.
  4469 | Temple   | Entered the Ecumenical Temple
  4551 | Temple   | Became a worshipper of Makhleb the Destroyer
  4581 | D:4      | Noticed an angel
  4834 | D:4      | Acquired Makhleb's first power
  5158 | D:5      | Entered Level 5 of the Dungeon
  5183 | D:5      | Noticed DevDT's ghost (average OgAK)
  5200 | D:5      | HP: 2/48 [DevDT's ghost (13)]
  5201 | D:5      | Slain by DevDT's ghost

Action                   |  1- 3 |  4- 6 || total
-------------------------+-------+-------++-------
Melee: Unarmed           |   113 |   298 ||   411
 Cast: Beastly Appendage |    27 |    57 ||    84
  Use: Scroll            |       |     2 ||     2
       Potion            |       |     2 ||     2
  Eat: Chunk             |     5 |    11 ||    16
